 Dungeon Crawl Stone Soup version 0.30-a0-711-gf4ac18a38d (webtiles) character file.

Game seed: 3889507367873655853

403 wormed the Firebug (level 6, 44/44 HPs)
             Began as a Demonspawn Fire Elementalist on Jan 22, 2023.
             Quit the game on level 4 of the Dungeon.
             The game lasted 00:04:34 (2987 turns).

wormed the Firebug (Demonspawn Fire Elementalist)   Turns: 2987, Time: 00:04:35

Health: 44/44      AC:  4    Str:  8    XL:     6   Next: 55%
Magic:  10/10      EV: 12    Int: 19    God:
Gold:   127        SH:  0    Dex: 13    Spells: 5/11 levels left

rFire   . . .      SeeInvis .    i - +0 short sword
rCold   . . .      Faith    .    (no shield)
rNeg    . . .      Spirit   .    f - +0 leather armour
rPois   .          Reflect  .    l - +0 hat
rElec   .          Harm     .    (no cloak)
rCorr   .          Rampage  .    (no gloves)
Will    .....                    j - +0 pair of boots
Stlth   ++                       (no amulet)
HPRegen 0.27/turn                (no ring)
MPRegen 0.12/turn                (no ring)

@: no status effects
A: claws 1, horns 1, demonic guardian 1, demonic magic 1
a: no special abilities


You were on level 4 of the Dungeon.
You visited 2 branches of the dungeon, and saw 5 of its levels.

You collected 127 gold pieces.

Inventory:

Hand Weapons
 c - a +0 dagger
 i - a +0 short sword (weapon)
Armour
 f - a +0 leather armour (worn)
 j - a +0 pair of boots (worn)
 l - a +0 hat (worn)
Jewellery
 q - a ring of resist corrosion
Wands
 p - a wand of charming (10)
Scrolls
 h - a scroll of vulnerability
 o - 2 scrolls of identify {unknown}
Potions
 a - 2 potions of heal wounds {unknown}
 b - a potion of magic
 d - a potion of resistance {unknown}
 e - a potion of haste {unknown}
 g - 3 potions of curing {unknown}
 k - 3 potions of degeneration {unknown}
 m - a potion of invisibility {unknown}
 n - a potion of ambrosia {unknown}
 r - a potion of flight {unknown}
 s - a potion of lignification {unknown}


   Skills:
 + Level 2.3 Fighting
 + Level 3.1 Dodging
 + Level 3.3 Stealth
 + Level 3.1 Spellcasting
 + Level 2.8 Conjurations
 + Level 3.6 Fire Magic


You had 5 spell levels left.
You knew the following spells:

 Your Spells              Type           Power      Damage    Failure   Level
a - Foxfire               Conj/Fire      60%        2x1d7     6%          1
b - Scorch                Fire           32%        2d6       8%          2
c - Inner Flame           Hex/Fire       9%         N/A       30%         3

Your spell library contained the following spells:

 Spells                   Type           Power      Damage    Failure   Level
 Kindle Blastsparks       Fire/Tloc/Air  14%        2d11      38%         3
 Flame Wave               Conj/Fire      15%        2d7       50%         4
 Call Canine Familiar     Summ           2%         N/A       54%         3
 Portal Projectile        Hex/Tloc       4%         N/A       54%         3
 Leda's Liquefaction      Hex/Erth       1%         N/A       91%         4


Dungeon Overview and Level Annotations

Branches:
Dungeon (4/15)             Temple (1/1) D:4

Altars:
Ashenzari
Dithmenos
Hepliaklqana
Makhleb
Okawaru
Ru
Sif Muna
Wu Jian
Yredelemnul


Innate Abilities, Weirdness & Mutations

You have sharp fingernails.
You have a pair of small horns on your head.
A weak demonic guardian rushes to your aid.
Spells you cast may paralyse adjacent enemies.


Message History

A ball python comes into view.
A ball python is nearby!
A ball python is nearby!
Found a fuming blue potion.
The ball python hisses angrily.
The ball python closely misses you. The ball python grabs you.
The ball python constricts you.
Casting: Foxfire (safe; 6% risk of failure)
Confirm with . or Enter, or press ? or * to list all spells.
You conjure some foxfire!
Malevolent energies surge around you.
The ball python suddenly stops moving!
The ball python loses its grip on you.
The helpless ball python fails to defend itself.
You hit the ball python.
You kill the ball python!
No target in view!
Your foxfire dissipates! x2
An adder comes into view.
An adder is nearby!
An adder is nearby!
Found a scroll labelled OSIOMY WAWUAFO.
Casting: Foxfire (safe; 6% risk of failure)
Confirm with . or Enter, or press ? or * to list all spells.
You conjure some foxfire!
Malevolent energies surge around you.
The adder hisses angrily.
The adder misses you. The adder closely misses you.
You hit the adder.
You headbutt the adder, but do no damage.
The adder is moderately wounded.
The foxfire hits the adder.
The adder is almost dead.
The foxfire hits the adder.
You kill the adder!
No target in view!
o - 2 scrolls labelled OSIOMY WAWUAFO (gained 1)
s - a fuming blue potion Done exploring.
Done exploring.
Done exploring.
Search for what [Enter for "."]?
Are you sure you want to abandon this character and quit the game? (Confirm with "yes".)

# ####...## #
###.### ## ##..##
.# ##...##########
.#
###......##.....#
##
###......#.......##
#
##........##...####
##.........###..##
#...........###@.#
#..........## ####
##.........#
#........##
#........#
##########


There were no monsters in sight!

Vanquished Creatures
  A black bear (D:4)
  A centaur (D:4)
  A hound (D:4)
  3 orc priests (D:4)
  2 gnolls (D:3)
  2 adders (D:4)
  An ufetubus (D:4)
  4 dart slugs
  10 orcs
  3 ball pythons
  3 bats
  5 endoplasms
  A giant cockroach (D:3)
  3 goblins
  4 hobgoblins
  3 jackals (D:1)
  6 kobolds
  3 quokkas
  A frilled lizard (D:1)
  3 rats
60 creatures vanquished.

Vanquished Creatures (others)
  87 foxfires
87 creatures vanquished.

Grand Total: 147 creatures vanquished

Notes
Turn   | Place    | Note
-------+----------+-------------------------------------------
     0 | D:1      | wormed the Demonspawn Fire Elementalist began the quest for
                  | the Orb.
     0 | D:1      | Reached XP level 1. HP: 13/13 MP: 3/3
   250 | D:1      | Gained mutation: Spells you cast may paralyse adjacent
                  | enemies. [demonic ancestry]
   250 | D:1      | Reached XP level 2. HP: 17/20 MP: 3/5
   660 | D:2      | Learned a level 2 spell: Scorch
   681 | D:2      | You fall into a shaft and drop 1 floor!
   895 | D:3      | Discovered your monstrous ancestry.
   895 | D:3      | Gained mutation: You have a pair of small horns on your
                  | head. [demonic ancestry]
   895 | D:3      | Reached XP level 3. HP: 25/25 MP: 4/6
  1347 | D:3      | Reached skill level 1 in Fighting
  1394 | D:3      | Found an iron altar of Okawaru.
  1540 | D:3      | Reached XP level 4. HP: 31/32 MP: 5/7
  1655 | D:3      | Learned a level 3 spell: Inner Flame
  1923 | D:4      | Found a staircase to the Ecumenical Temple.
  1937 | Temple   | Entered the Ecumenical Temple
  2068 | D:4      | Noticed a black bear
  2079 | D:4      | Killed a black bear
  2080 | D:4      | Gained mutation: A weak demonic guardian rushes to your
                  | aid. [demonic ancestry]
  2080 | D:4      | Reached XP level 5. HP: 24/37 MP: 0/9
  2240 | D:4      | Noticed a centaur
  2254 | D:4      | Killed a centaur
  2255 | D:4      | Gained mutation: You have sharp fingernails. [demonic
                  | ancestry]
  2255 | D:4      | Reached XP level 6. HP: 19/44 MP: 6/10
  2987 | D:4      | Quit the game

Illustrated notes

Levels and vault maps discovered:
D:1:      psy_arrival_whirlpool, layout_rooms
D:2:      layout_basic, shapermc_ecumenical_altar_flowoftime, uniq_natasha
D:3:      layout_basic, okawaru_altar_gauntlet_db, minmay_diced_spiral
D:4:      layout_cave_pods, minmay_temple_entry_drinking_statues
Temple:   eino_temple_lava

Skill      XL: |  1  2  3  4  5  6 |
---------------+-------------------+-----
Stealth        | 2 3 |  3.3
Dodging        | 2 3 |  3.1
Fighting       | 1 2 |  2.3
Fire Magic     | 3 |  3.6
Conjurations   | 2 |  2.8
Spellcasting   | 3 |  3.1

Action                     |  1- 3 |  4- 6 || total
---------------------------+-------+-------++-------
  Melee: Dagger            |     7 |       ||     7
         Unarmed           |     1 |       ||     1
         Short sword       |    44 |    40 ||    84
         Punch             |     1 |     2 ||     3
         Headbutt          |     7 |     9 ||    16
   Cast: Foxfire           |    29 |    23 ||    52
         Scorch            |     4 |     7 ||    11
    Use: Scroll            |       |     3 ||     3
   Stab: Paralysed         |    25 |    29 ||    54
         Sleeping          |     2 |     2 ||     4
 Armour: Leather armour    |    18 |    14 ||    32
  Dodge: Dodged            |    39 |    41 ||    80

Table legend: (Time is in decaauts)
 A = Elapsed time spent in this place.
 B = Non-inter-level travel time spent in this place.
 C = Inter-level travel time spent in this place.
 D = Time resting spent in this place.
 E = Time spent auto-exploring this place.
 F = Levels seen in this place.
 G = Mean time per level.
                   A        B        C        D        E       F      G
               +--------+--------+--------+--------+--------+-----+--------+
         Total |   2986 |   2894 |     92 |      0 |   2371 |   5 |  597.2 |
       Dungeon |   2900 |   2808 |     92 |      0 |   2294 |   4 |  725.0 |
        Temple |     86 |     86 |      0 |      0 |     77 |   1 |   86.0 |
               +--------+--------+--------+--------+--------+-----+--------+

Top non-repeatable levels by time:
     D:4: 1158 daAuts
     D:3: 1061 daAuts
     D:1: 656 daAuts
  Temple: 86 daAuts
     D:2: 24 daAuts
